 Dungeon Crawl Stone Soup version 0.24.0-123-gd5b16e6ec5 (webtiles) character file.

Game seed: 16658005658256537462, levelgen mode: deterministic

1732 Johnny the Spear-Bearer (level 8, -1/60 HPs)
             Began as a Demigod Gladiator on Jan 26, 2020.
             Slain by an orc
             ... wielding a +0 trident of distortion
              (10 damage)
             ... on level 6 of the Dungeon.
             The game lasted 00:06:23 (4527 turns).

Johnny the Spear-Bearer (Demigod Gladiator)         Turns: 4527, Time: 00:06:24

Health: -1/60      AC:  8    Str: 21    XL:     8   Next: 47%
Magic:  10/10      EV: 13    Int: 12    God:
Gold:   331        SH:  0    Dex: 17    Spells: 7/7 levels left

rFire    + + .     SeeInvis +   o - +0 trident (venom)
rCold    . . .     Gourm    .   (no shield)
rNeg     . . .     Faith    .   p - +2 leather armour {rF+}
rPois    .         Spirit   .   c - +0 helmet
rElec    .         Reflect  .   z - scarf {repulsion}
rCorr    .         Harm     .   s - +0 pair of gloves
MR       .....                  m - +0 pair of boots
Stlth    +.........             (no amulet)
HPRegen  0.20/turn              l - ring of see invisible
MPRegen  0.12/turn              y - ring of protection from fire

@: repel missiles
A: high mp 1
a: no special abilities


You were on level 6 of the Dungeon.
You were not hungry.

You visited 1 branch of the dungeon, and saw 6 of its levels.

You collected 331 gold pieces.

Inventory:

Hand Weapons
 o - a +0 trident of venom (weapon)
 w - a +0 halberd
Missiles
 d - 3 throwing nets (quivered)
Armour
 c - a +0 helmet (worn)
 m - a +0 pair of boots (worn)
 p - a +2 leather armour of fire resistance (worn)
 s - a +0 pair of gloves (worn)
 z - a scarf of repulsion (worn)
Jewellery
 l - a ring of see invisible (left hand)
 y - a ring of protection from fire (right hand)
 G - a +3 ring of intelligence {unknown}
Scrolls
 b - 2 scrolls of remove curse
 g - a scroll of fear {unknown}
 h - 2 scrolls of enchant armour
 i - 4 scrolls of teleportation
 n - a scroll of noise {unknown}
 r - a scroll of amnesia {unknown}
 t - 2 scrolls of blinking
 v - 2 scrolls of enchant weapon {unknown}
 x - 2 scrolls of fog {unknown}
 E - a scroll of identify
Potions
 e - 2 potions of heal wounds
 j - 2 potions of curing
 k - a potion of lignification
 q - a potion of flight
 u - a potion of invisibility {unknown}
 A - a potion of magic {unknown}
 B - a potion of haste {unknown}
 D - a potion of brilliance {unknown}
 F - a potion of mutation {unknown}
Comestibles
 f - 17 rations


   Skills:
 - Level 1.7 Fighting
 + Level 10.6 Polearms
 - Level 1.7 Throwing
 - Level 2.6 Dodging


You had 7 spell levels left.
You didn't know any spells.
Your spell library was empty.

Dungeon Overview and Level Annotations

Branches:
Dungeon (6/15)             Temple (0/1) D:5


Innate Abilities, Weirdness & Mutations

You have an increased reservoir of magic. (+10% MP)


Message History

Space warps horribly around you!
* * * LOW HITPOINT WARNING * * *
Unknown command.
You barely miss the orc wizard. The orc misses you.
The orc wizard closely misses you. The orc barely misses you.
Unknown command.
Evoke which item? (* to show all) (? for menu, Esc to quit)
Aiming: Throw Flame
Press: ? - help, Shift-Dir - straight line, f - orc
Aim: an orc, wielding a +0 war axe and wearing a +0 leather armour The puff of flame misses the orc.
The puff of flame hits the orc.
The orc is heavily wounded.
The now-empty wand crumbles to dust.
You hit the orc.
The orc is poisoned.
The orc is almost dead.
The orc closely misses you.
The orc hits you from afar with a +0 trident of distortion!
* * * LOW HITPOINT WARNING * * *
Space warps horribly around you!
You die...

##...#.............
#.....###....####
##...## ######
#######.## ##..##
##.## ###
########†).o# ##.#
#.# #.o......##o##
#.# #.#
..##########o## #.#
#######.# ##@###.#
##......##
##....###..######
##...##..##
####...## ####
##..# #..### #..###
#....## ##...#
#.##..## ##..#
#.###.(## #..#


You could see an orc wizard (invisible) and 2 orcs.

Vanquished Creatures
  Grinder (D:6)
  Sigmund (D:3)
  A water moccasin (D:5)
  Duvessa (D:4)
  A sky beast (D:6)
  An orc warrior (D:6)
  A black bear (D:6)
  A necrophage (D:6)
  A phantom (D:5)
  An ogre (D:6)
  Blork the orc (D:5)
  A bullfrog (D:6)
  Dowan (D:4)
  A jelly (D:5)
  An orc priest (D:6)
  A hound (D:6)
  2 orc wizards (D:5)
  Terence (D:3)
  An iguana (D:6)
  3 worker ants
  4 gnolls
  5 adders
  An ooze (D:3)
  3 worms
  2 dart slugs
  2 leopard geckos (D:1)
  9 orcs
  A ball python (D:2)
  2 giant cockroaches
  8 goblins
  4 hobgoblins (D:1)
  3 jackals (D:1)
  6 kobolds
  A quokka (D:2)
  5 bats
  8 frilled lizards
  2 gnoll zombies (D:4)
  A jackal skeleton (D:4)
  5 rats
95 creatures vanquished.

Notes
Turn   | Place    | Note
-------+----------+-------------------------------------------
     0 | D:1      | Johnny the Demigod Gladiator began the quest for the Orb.
     0 | D:1      | Reached XP level 1. HP: 17/17 MP: 3/3
   520 | D:1      | Reached skill level 3 in Polearms
   587 | D:1      | Reached XP level 2. HP: 17/24 MP: 4/4
   959 | D:1      | Reached XP level 3. HP: 29/29 MP: 5/5
  1007 | D:2      | Reached skill level 4 in Polearms
  1105 | D:2      | Found a blossoming altar of Fedhas.
  1143 | D:2      | Found a shattered altar of Ashenzari.
  1626 | D:3      | Noticed Terence
  1675 | D:4      | Found a glowing golden altar of the Shining One.
  1675 | D:4      | Found a radiant altar of Vehumet.
  1806 | D:3      | Killed Terence
  1806 | D:3      | Reached XP level 4. HP: 28/36 MP: 6/6
  1852 | D:3      | Noticed Sigmund
  1931 | D:3      | Killed Sigmund
  1931 | D:3      | Reached skill level 6 in Polearms
  1931 | D:3      | Reached XP level 5. HP: 41/41 MP: 7/7
  2980 | D:4      | Reached XP level 6. HP: 48/48 MP: 8/8
  2999 | D:4      | Found a basalt altar of Yredelemnul.
  3100 | D:4      | Noticed Duvessa
  3108 | D:4      | Noticed Dowan
  3118 | D:4      | Killed Duvessa
  3118 | D:4      | Reached skill level 7 in Polearms
  3120 | D:4      | Killed Dowan
  3426 | D:5      | Entered Level 5 of the Dungeon
  3493 | D:5      | Noticed a water moccasin
  3506 | D:5      | Noticed Blork the orc
  3514 | D:5      | Killed a water moccasin
  3514 | D:5      | Reached XP level 7. HP: 53/53 MP: 9/9
  3522 | D:5      | Killed Blork the orc
  3522 | D:5      | Reached skill level 8 in Polearms
  3535 | D:5      | Found a shimmering blue altar of Sif Muna.
  3664 | D:5      | Found a burning altar of Makhleb.
  3831 | D:5      | Found a staircase to the Ecumenical Temple.
  4011 | D:6      | Reached skill level 9 in Polearms
  4070 | D:6      | Found the +0 Maxwell's etheric cage {RegenMP+ *Contam rElec
                  | MP+4}
  4075 | D:6      | Noticed Grinder
  4101 | D:6      | Reached XP level 8. HP: 40/60 MP: 10/10
  4110 | D:6      | Killed Grinder
  4297 | D:6      | Reached skill level 10 in Polearms
  4527 | D:6      | Slain by an orc

Levels and vault maps discovered:
D:1:      minmay_arrival_widening_spiral_narrow, layout_rooms
D:2:      layout_basic, overflow_temple_1_default, ashenzari_altar_1
D:3:      layout_basic, roderic_lattice_a, uniq_sigmund, uniq_terence
D:4:      layout_basic, lemuel_zombie_altar_yredelemnul,
          chequers_temple_overflow_statue_of_worship, first_ration, uniq_duvessa
D:5:      layout_loops_ring, tgw_sif, kennysheep_mini_moat,
          minmay_temple_entry_butterflies
D:6:      layout_layer_cave, grunt_temple_overflow_opulence, uniq_grinder

Skill      XL: |  1  2  3  4  5  6  7  8 |
---------------+-------------------------+-----
Polearms       | 3 4 6 7 9 10 | 10.6
Fighting       | |  1.7
Throwing       | |  1.7
Dodging        | |  2.6

Action                   |  1- 3 |  4- 6 |  7- 9 || total
-------------------------+-------+-------+-------++-------
Melee: Trident           |   132 |    46 |    92 ||   270
       Halberd           |       |    67 |     4 ||    71
Evoke: Wand              |       |       |    10 ||    10
  Use: Potion            |       |     4 |     1 ||     5
       Scroll            |       |       |     6 ||     6
 Stab: Sleeping          |       |     2 |       ||     2
  Eat: Chunk             |     2 |     6 |     4 ||    12
Armor: Leather armour    |    29 |    23 |    19 ||    71
       Skin              |       |    22 |       ||    22
Dodge: Dodged            |    86 |    44 |    37 ||   167
       Deflected         |       |     1 |       ||     1
